 Dungeon Crawl Stone Soup version 0.30-a0-29-g142975f185 (webtiles) character file.

Game seed: 8823772676474794453

632 Sobieck the Skirmisher (level 7, -3/34 HPs)
             Began as a Vine Stalker Hunter on Aug 26, 2022.
             Was an Initiate of Wu Jian.
             Slain by a water moccasin (5 damage)
             ... on level 5 of the Dungeon.
             The game lasted 00:10:53 (3475 turns).

Sobieck the Skirmisher (Vine Stalker Hunter)        Turns: 3475, Time: 00:10:54

Health: -3/34      AC:  4    Str: 14    XL:     7   Next: 49%
Magic:  0/8        EV: 12    Int:  9    God:    Wu Jian [......]
Gold:   241        SH:  0    Dex: 19    Spells: 6/6 levels left

rFire   . . .      SeeInvis .    b - +2 dagger (venom) {short}
rCold   . . .      Faith    .    (no shield)
rNeg    . . .      Spirit   +    c - +0 leather armour
rPois   .          Reflect  .    (no helmet)
rElec   .          Harm     .    (no cloak)
rCorr   +          Rampage  .    (no gloves)
Will    .....                    w - +0 pair of boots
Stlth   ++........               (no amulet)
HPRegen 0.91/turn                l - ring of resist corrosion
MPRegen 0.11/turn                (no ring)

@: lethally poisoned (-3 -> -9)
A: fangs 2, regeneration 1, magic shield, antimagic bite, no potion heal 2
a: Renounce Religion


You were on level 5 of the Dungeon.
You worshipped Wu Jian.
Wu Jian was noncommittal.
You visited 2 branches of the dungeon, and saw 6 of its levels.
You also visited: Sewer.

You collected 241 gold pieces.


Innate Abilities, Weirdness & Mutations

You have extremely sharp teeth.
Your natural rate of healing is unusually fast.
When hurt, damage is shared between your health and your magic reserves.
Your bite disrupts and absorbs the magic of your enemies.
Potions cannot restore your health.


   Skills:
 - Level 1.7 Fighting
 + Level 8.1 Ranged Weapons
 - Level 1.5 Dodging
 - Level 1.2 Stealth


You had 6 spell levels left.
You didn't know any spells.
Your spell library contained the following spells:

 Spells                   Type           Power      Damage    Failure   Level
 Blink                    Tloc           0%         N/A       61%         2
 Gell's Gravitas          Tloc           0%         N/A       83%         3
 Lesser Beckoning         Tloc           0%         N/A       83%         3
 Teleport Other           Tloc           0%         N/A       83%         3
 Manifold Assault         Tloc           0%         N/A       100%        5
 Malign Gateway           Summ/Tloc      0%         N/A       100%        7
 Storm Form               Tmut/Air       0%         N/A       100%        7
 Summon Horrible Things   Summ           0%         N/A       100%        8

Inventory:

Hand Weapons
 a - a +1 vorpal shortbow {bow}
 b - a +2 dagger of venom (weapon) {short}
   (You took it off a goblin on level 3 of the Dungeon)
 i - a +0 short sword {short}
   (You found it on level 1 of the Dungeon)
 o - a +0 dagger {short}
   (You took it off a kobold on level 1 of the Dungeon)
 p - a +0 vorpal falchion {long}
   (You found it on level 2 of the Dungeon)
 u - a +4 vampiric dagger {short}
   (You took it off a kobold on level 4 of the Dungeon)
 C - a +0 dagger of venom {short}
   (You took it off a kobold on level 2 of the Dungeon)
Missiles
 d - 49 stones {throwing}
 t - 8 poisoned darts {throwing}
Armour
 c - a +0 leather armour (worn)
 f - a +0 scale mail
   (You found it on level 4 of the Dungeon)
 k - a +0 leather armour
   (You found it on level 1 of the Dungeon)
 m - a +0 leather armour
   (You took it off an orc on level 4 of the Dungeon)
 w - a +0 pair of boots (worn)
   (You found it on level 4 of the Dungeon)
 y - a +0 ring mail
   (You took it off an orc on level 3 of the Dungeon)
 z - a +0 leather armour
   (You found it on level 3 of the Dungeon)
 A - a +0 chain mail
   (You found it on level 3 of the Dungeon)
 B - a +0 leather armour
   (You found it on level 3 of the Dungeon)
 D - a +0 scale mail
   (You took it off an orc on level 4 of the Dungeon)
 E - a +0 robe
   (You took it off a gnoll bouda on level 4 of the Dungeon)
Jewellery
 l - a ring of resist corrosion (left hand)
   (You found it on level 1 of the Dungeon)
Scrolls
 e - 3 scrolls of magic mapping {!r}
 g - 2 scrolls of immolation {!r!r}
 h - a scroll of enchant armour {unknown}
 j - 4 scrolls of fear
 r - a scroll of poison {!r}
Potions
 n - a potion of might
 q - 3 potions of cancellation
 s - a potion of haste {@q3}
 v - a potion of resistance
 x - 2 potions of heal wounds {@q2}
 F - 2 potions of invisibility

Dungeon Overview and Level Annotations

Branches:
Dungeon (5/15) Zot: 26822  Temple (1/1) D:4 Zot: 5780   Sewer (visited)

Altars:
Ashenzari
Cheibriados
Dithmenos
Elyvilon
Fedhas
Makhleb
Qazlal
Ru
Trog
Vehumet
Wu Jian
Xom
Yredelemnul
The Shining One

Shops:
D:3 (((*:

Annotations:
D:4 Dowan, Duvessa

#.######## #.# # #.#
# .### #.########
....########
#........#
...........#
#........#
...........#
#........#
#..S....####........#
#...@...............#
###.#################
... ....... ...#.
####### .....#. #
.... #. # ... #. #
.## #. # ......


You could see a water moccasin (very poisoned).


Message History

The centaur barely misses you. The centaur hits you.
The centaur kicks you but does no damage.
You hit the centaur.
The centaur looks as sick as possible!
You bite the centaur. You drain its power.
You feel invigorated.
The centaur hits you but does no damage.
The centaur completely misses you.
You hit the centaur.
The centaur looks as sick as possible!
You bite the centaur, but do no damage. The centaur barely misses you.
The centaur kicks you. The centaur closely misses you. x2
You hit the centaur but do no damage.
The centaur looks as sick as possible!
Your bite misses the centaur. The centaur misses you.
The centaur kicks you but does no damage.
You hit the centaur.
The centaur looks as sick as possible!
The centaur hits you.
The centaur kicks you but does no damage.
The centaur misses you.
The centaur kicks you but does no damage.
You barely miss the centaur.
You kill the centaur!
The Council accepts your kill.
Things that are here:
a +0 shortbow {bow}; a centaur corpse
G - a scroll of identify {@r1}
As you read the scroll of identify {@r1}, it crumbles to dust.
F - 2 potions of invisibility Unknown command.
Unknown command.
A scorpion comes into view.
Danger!
You hit the scorpion.
The scorpion is poisoned.
You bite the scorpion. You drain its power.
The scorpion stings you but does no damage.
You barely miss the scorpion. The scorpion misses you.
You closely miss the scorpion. You punch the scorpion. You bite the scorpion.
You kill the scorpion!
The Council accepts your kill.
Your Ranged Weapons skill increases to level 8!
No target in view!
Your +2 dagger of venom {short} stops dripping with poison.
a - a +1 vorpal shortbow (weapon)
{bow} You see here a scorpion corpse.
You now have 241 gold pieces (gained 17).
You see here a scorpion corpse.
There is a stone staircase leading up here.
An iguana comes into view.
Danger!
You shoot an arrow. The arrow hits the iguana.
Your +2 dagger of venom {short} begins to drip with poison!
b - a +2 dagger of venom (weapon)
{short} You hit the iguana but do no damage.
The iguana is poisoned.
Your bite misses the iguana. The iguana bites you.
You hit the iguana but do no damage.
The iguana looks as sick as possible!
The iguana bites you!
You are too injured to fight recklessly!
You are too injured to fight recklessly!
You are too injured to fight recklessly!
You are too injured to fight recklessly!
You barely miss the iguana. The iguana barely misses you.
You hit the iguana.
The iguana looks as sick as possible!
You bite the iguana.
You kill the iguana!
The Council accepts your kill.
Unknown command.
Your +2 dagger of venom {short} stops dripping with poison.
a - a +1 vorpal shortbow (weapon)
{bow} A water moccasin comes into view.
Danger!
You shoot an arrow. The arrow hits the water moccasin.
The water moccasin hisses angrily.
You shoot an arrow. The arrow hits the water moccasin!
You shoot an arrow.
The arrow barely misses the water moccasin.
You shoot an arrow.
The arrow barely misses the water moccasin.
Your +2 dagger of venom {short} begins to drip with poison!
b - a +2 dagger of venom (weapon)
{short} The water moccasin bites you.
You closely miss the water moccasin. Your bite misses the water moccasin.
The water moccasin bites you.
You miss the water moccasin. Your bite misses the water moccasin.
The water moccasin bites you.
You are poisoned.
The water moccasin poisons you!
The water moccasin bites you but does no damage.
You closely miss the water moccasin. Your bite misses the water moccasin.
You feel very sick. The water moccasin bites you!
* * * LOW HITPOINT WARNING * * *
You are more poisoned.
The water moccasin poisons you!
You hit the water moccasin but do no damage.
The water moccasin is poisoned.
Your bite misses the water moccasin.
* * * LOW HITPOINT WARNING * * *
You feel very sick. The water moccasin bites you!
* * * LOW HITPOINT WARNING * * *
You hit the water moccasin. Your bite misses the water moccasin.
* * * LOW HITPOINT WARNING * * *
You feel very sick. The water moccasin closely misses you.
The water moccasin bites you!
You die...

Skill      XL: |  1  2  3  4  5  6  7 |
---------------+----------------------+-----
Ranged Weapons | 4 5 6 7 8 |  8.1
Fighting       | |  1.7
Dodging        | |  1.5
Stealth        | |  1.2

Action                   |  1- 3 |  4- 6 |  7- 9 || total
-------------------------+-------+-------+-------++-------
Melee: Dagger            |     5 |    72 |    19 ||    96
       Bite              |     4 |    19 |     6 ||    29
       Punch             |       |       |     1 ||     1
 Fire: Shortbow          |    75 |    90 |     5 ||   170
Invok: Lunge             |       |     2 |     1 ||     3
  Use: Scroll            |       |    10 |     1 ||    11
       Potion            |       |     4 |       ||     4
 Stab: Sleeping          |       |     1 |     1 ||     2
Armor: Leather armour    |     9 |    18 |     9 ||    36
Dodge: Dodged            |    19 |    53 |    11 ||    83

Levels and vault maps discovered:
D:1:      dpeg_arrival_stone_temple_mockup, layout_rooms,
          shapermc_ecumenical_altar_petra
D:2:      layout_rooms, minmay_worlds_worst_comb
D:3:      layout_basic, mainiacjoe_overflow_cross_hatched, portal_sewer_entry_d,
          serial_shops, nicolae_shop_hallway_stairs, shop,
          nicolae_shop_hallway_plus, nicolae_shop_advertising_works
          [nicolae_subvault_shop_adworks], shop_statue
D:4:      layout_basic, minmay_temple_entry_offerings, minmay_shop_damaged,
          uniq_duvessa
D:5:      layout_basic, serial_corexii_hall, corexii_hall_statues_i,
          corexii_hall_statues_i, kennysheep_generic_room_14
Temple:   compressed_dpeg_triangle_lava_temple

Notes
Turn   | Place    | Note
-------+----------+-------------------------------------------
     0 | D:1      | Sobieck the Vine Stalker Hunter began the quest for the
                  | Orb.
     0 | D:1      | Reached XP level 1. HP: 11/11 MP: 2/2
   206 | D:1      | Reached skill level 4 in Ranged Weapons
   206 | D:1      | Reached XP level 2. HP: 10/15 MP: 1/3
   720 | D:1      | Reached XP level 3. HP: 15/18 MP: 4/4
   961 | D:1      | Found a faded altar of an unknown god.
  1272 | D:2      | Reached skill level 5 in Ranged Weapons
  1351 | D:2      | You add the spells Malign Gateway and Summon Horrible
                  | Things to your library.
  1530 | D:3      | Found Lurecrim's General Store.
  1574 | D:3      | Gained mutation: Your natural rate of healing is unusually
                  | fast. [Vine Stalker growth]
  1574 | D:3      | Reached XP level 4. HP: 23/23 MP: 5/5
  1591 | D:3      | Found Fienanih's Antique Weapon Shoppe.
  1671 | D:3      | Found a glowing drain.
  1680 | Sewer    | Entered a sewer
  1699 | Sewer    | Noticed Pargi
  1855 | D:3      | Found Qoolav's Book Shoppe.
  2046 | D:3      | Reached XP level 5. HP: 18/26 MP: 3/6
  2138 | D:3      | Found Yjuwk's Weapon Shoppe.
  2199 | D:3      | You add the spells Blink, Manifold Assault and Storm Form
                  | to your library.
  2223 | D:3      | Found a radiant altar of Vehumet.
  2280 | D:3      | Found Pisixan's Antique Weapon Shoppe.
  2588 | D:4      | HP: 3/26 [orc priest/divine providence (11)]
  2620 | D:4      | Reached skill level 6 in Ranged Weapons
  2669 | D:4      | Reached XP level 6. HP: 30/30 MP: 7/7
  2772 | D:4      | Found a staircase to the Ecumenical Temple.
  2777 | D:4      | You pick up a book of Displacement and begin reading...
  2777 | D:4      | You add the spells Lesser Beckoning, Gell's Gravitas and
                  | Teleport Other to your library.
  2786 | Temple   | Entered the Ecumenical Temple
  2996 | Temple   | Became a worshipper of the Wu Jian Council
  3109 | D:4      | Reached skill level 7 in Ranged Weapons
  3128 | D:4      | Noticed Dowan
  3128 | D:4      | Noticed Duvessa
  3143 | D:4      | HP: 7/30 [gnoll/+0 halberd[a gnoll bouda] (5)]
  3148 | D:4      | HP: 4/30 [poisoned by an adder]
  3150 | D:4      | HP: 1/30 [adder (1)]
  3160 | D:4      | HP: 5/30 [gnoll/+3 whip[a gnoll bouda] (2)]
  3166 | D:4      | HP: 5/30 [kobold/+4 vampiric dagger (1)]
  3169 | D:4      | HP: 1/30 [kobold/+4 vampiric dagger (4)]
  3302 | D:4      | Reached XP level 7. HP: 33/34 MP: 8/8
  3315 | D:5      | Entered Level 5 of the Dungeon
  3341 | D:5      | Reached skill level 8 in Ranged Weapons
  3474 | D:5      | HP: 5/34 [water moccasin (6)]
  3475 | D:5      | HP: 2/34 [poisoned by a water moccasin]
  3475 | D:5      | Slain by a water moccasin

Vanquished Creatures
  A centaur (D:5)
  2 scorpions
  A howler monkey (D:4)
  2 orc priests (D:4)
  A gnoll bouda (D:4)
  3 iguanas
  7 gnolls
  6 adders
  A shadow imp (D:3)
  A dart slug (D:2)
  13 orcs
  3 endoplasms (D:1)
  6 giant cockroaches
  6 goblins
  4 hobgoblins
  3 jackals (D:1)
  6 quokkas
  7 ball pythons
  4 bats
  7 frilled lizards
  12 kobolds
  5 rats
101 creatures vanquished.

Vanquished Creatures (others)
  12 fungi (D:3)
12 creatures vanquished.

Grand Total: 113 creatures vanquished

Table legend:
 A = Non-vault XP
 B = Vault XP
 C = Vault XP percentage of total XP
 D = Non-vault monster count
 E = Vault monster count
 F = Vault count percentage of total count
                 A         B        C        D         E       F
            +---------+---------+-------+---------+---------+-------
      Total |     878 |      25 |   2.8 |      92 |       9 |   8.9
            +---------+---------+-------+---------+---------+-------
        D:1 |      43 |       0 |   0.0 |      26 |       0 |   0.0
        D:2 |      32 |       6 |  15.8 |      11 |       3 |  21.4
        D:3 |     124 |      13 |   9.5 |      26 |       1 |   3.7
        D:4 |     444 |       0 |   0.0 |      26 |       0 |   0.0
        D:5 |     235 |       0 |   0.0 |       3 |       0 |   0.0
      Sewer |       0 |       6 | 100.0 |       0 |       5 | 100.0
            +---------+---------+-------+---------+---------+-------

Illustrated notes

Table legend:
 A = Kills in this place as a percentage of kills in entire the game.
 B = Kills by you in this place as a percentage of kills by you in the entire game.
 C = Kills by friends in this place as a percentage of kills by friends in the entire game.
 D = Other kills in this place as a percentage of other kills in the entire game.
 E = Experience gained in this place as a percentage of experience gained in the entire game.
 F = Experience gained in this place divided by the number of levels of this place that you have seen.
                   A       B       C       D       E      F
               +-------+-------+-------+-------+-------+----------------------
         Total | 100.0 | 100.0 |   N/A |   N/A | 100.0 | 129.0
       Dungeon |  95.0 |  95.0 |   N/A |   N/A |  99.3 | 179.4
         Sewer |   5.0 |   5.0 |   N/A |   N/A |   0.7 |   6.0
               +-------+-------+-------+-------+-------+----------------------

Table legend: (Time is in decaauts)
 A = Elapsed time spent in this place.
 B = Non-inter-level travel time spent in this place.
 C = Inter-level travel time spent in this place.
 D = Time resting spent in this place.
 E = Time spent auto-exploring this place.
 F = Levels seen in this place.
 G = Mean time per level.
                   A        B        C        D        E       F      G
               +--------+--------+--------+--------+--------+-----+--------+
         Total |   3500 |   3343 |    157 |    317 |   2099 |   7 |  500.0 |
       Dungeon |   3176 |   3028 |    148 |    317 |   1946 |   5 |  635.2 |
        Temple |    219 |    210 |      9 |      0 |    153 |   1 |  219.0 |
         Sewer |    103 |    103 |      0 |      0 |      0 |   1 |  103.0 |
               +--------+--------+--------+--------+--------+-----+--------+

Top non-repeatable levels by time:
     D:1: 1044 daAuts
     D:3: 947 daAuts
     D:4: 553 daAuts
     D:2: 472 daAuts
  Temple: 219 daAuts
     D:5: 158 daAuts
   Sewer: 103 daAuts
